 Dungeon Crawl Stone Soup version 0.16.1-14-g82efdee (webtiles) character file.

604 KarvaRausku the Cleaver (level 7, -10/52 HPs)
             Began as a Human Fighter on Apr 14, 2015.
             Mangled by a hill giant
             ... wielding a +0 giant club
              (16 damage)
             ... on level 5 of the Dungeon.
             The game lasted 00:10:03 (4084 turns).

KarvaRausku the Cleaver (Human Fighter)             Turns: 4084, Time: 00:10:04

Health: -10/52     AC: 11    Str: 18    XL:     7   Next: 70%
Magic:  7/7        EV:  4    Int:  8    God:
Gold:   204        SH:  9    Dex: 13    Spells: 0 memorised, 6 levels left

rFire  . . .     SeeInvis .     z - +0 war axe
rCold  . . .     Clarity  .     o - +0 chain mail
rNeg   . . .     SustAb   .     c - +0 shield
rPois  .         Gourm    .     (no helmet)
rElec  .         Spirit   .     (no cloak)
rCorr  .         Warding  .     (no gloves)
rMut   .         Stasis   .     i - +1 pair of boots
MR     .....                    (no amulet)
Stlth  ..........               (no ring)
                                (no ring)

@: not resistant to hostile enchantments, extremely unstealthy
A: no striking features
a: no special abilities


You were on level 5 of the Dungeon.
You were hungry.

You visited 1 branch of the dungeon, and saw 5 of its levels.

You collected 204 gold pieces.

Inventory:

Hand weapons
 a - a +0 war axe
 z - a +0 war axe (weapon)
Armour
 b - a +0 scale mail
 c - a +0 shield (worn)
 h - a +0 scale mail
 i - a +1 pair of boots (worn)
 o - a +0 chain mail (worn)
 x - a +0 ring mail of magic resistance
 D - a +0 leather armour of poison resistance
Jewellery
 u - an uncursed ring of teleportation
Magical devices
 v - a wand of hasting (6)
Scrolls
 f - a scroll of enchant weapon {unknown}
 g - a scroll of random uselessness {unknown}
 k - a scroll of immolation
 m - 2 scrolls of identify
 n - a scroll of amnesia {unknown}
 p - a scroll of teleportation {unknown}
 q - 2 scrolls of magic mapping {unknown}
 y - 2 scrolls of fog {unknown}
 A - a scroll of recharging {unknown}
 B - a scroll of remove curse
Potions
 e - 3 potions of might
 j - a potion of flight {unknown}
 l - a potion of degeneration {unknown}
 r - a potion of restore abilities {unknown}
 s - 2 potions of agility
Comestibles
 d - 4 bread rations
 t - a slice of pizza
 C - 6 fruits
 E - 2 beef jerkies


   Skills:
 - Level 3.0 Fighting
 + Level 8.0 Axes
 - Level 3.0 Armour
 - Level 3.0 Shields


You had 6 spell levels left.
You didn't know any spells.

Dungeon Overview and Level Annotations

Branches:
Dungeon (5/15)
 Temple: D:4-7

Altars:
Cheibriados
Dithmenos
Fedhas
Trog
Zin
The Shining One


Message History

Aim: a hill giant, wielding a giant club
Okay, then.
Evoke which item? (* to show all) (? for menu, Esc to quit)
Okay, then.
The hill giant hits you with a giant club!!
You hit the hill giant.
The hill giant is lightly wounded.
The hill giant hits you with a giant club!!
Ouch! That really hurt!
* * * LOW HITPOINT WARNING * * *
You are too injured to fight recklessly!
You are too injured to fight recklessly!
You are too injured to fight recklessly!
You hit the hill giant.
The hill giant is lightly wounded.
The hill giant completely misses you.
You slash the hill giant!
The hill giant is moderately wounded.
The hill giant hits you with a giant club!
You die...

##.....).........#
#........######.#
#........# #.#
#........# #.#
#.>......# #.#
#........# ####.#
#.....)).###....#
#.###..).)......#####
##.######.###...@C...#
..)....##..###.#####.#
.#...<.###.###.# #.#
.#.............# #.#
.#.....###...### #.#
.#.....#####.### #.#
...............#####.#
############.#.......#
#.#########


You could see a hill giant.

Vanquished Creatures
  An ice beast (D:5)
  A centaur (D:5)
  A crimson imp (D:5)
  2 worker ants (D:5)
  An iguana (D:4)
  4 orc wizards
  Ijyb (D:5)
  A hound skeleton (D:4)
  8 adders
  2 worms
  A giant gecko (D:3)
  14 orcs
  A ball python (D:4)
  5 bats
  A bat skeleton (D:4)
  6 goblins
  11 hobgoblins
  7 jackals
  8 kobolds
  A quokka (D:5)
  4 giant cockroaches
  5 giant newts
  7 rats
93 creatures vanquished.

Notes
Turn   | Place    | Note
--------------------------------------------------------------
     0 | D:1      | KarvaRausku, the Human Fighter, began the quest for the Orb.
     0 | D:1      | Reached XP level 1. HP: 18/18 MP: 1/1
   255 | D:1      | Reached XP level 2. HP: 22/24 MP: 2/2
   846 | D:2      | Reached XP level 3. HP: 29/29 MP: 3/3
  1241 | D:2      | Found a glowing golden altar of the Shining One.
  1355 | D:3      | Found a glowing silver altar of Zin.
  1373 | D:3      | Reached skill level 4 in Axes
  1373 | D:3      | Reached XP level 4. HP: 16/35 MP: 4/4
  1486 | D:3      | Found a blossoming altar of Fedhas.
  1585 | D:3      | Found a shadowy altar of Dithmenos.
  1765 | D:3      | Found a snail-covered altar of Cheibriados.
  2151 | D:3      | Reached XP level 5. HP: 37/41 MP: 5/5
  2270 | D:4      | Reached skill level 5 in Axes
  2434 | D:4      | Found a bloodstained altar of Trog.
  2693 | D:4      | Reached XP level 6. HP: 47/47 MP: 6/6
  2745 | D:4      | Reached skill level 6 in Axes
  3356 | D:5      | Entered Level 5 of the Dungeon
  3585 | D:5      | Reached skill level 7 in Axes
  3585 | D:5      | Reached XP level 7. HP: 32/52 MP: 7/7
  3740 | D:5      | Noticed Ijyb
  3764 | D:5      | Killed Ijyb
  3770 | D:5      | Noticed an ice beast
  3786 | D:5      | Killed an ice beast
  3964 | D:5      | Noticed a hill giant
  3970 | D:5      | Reached skill level 8 in Axes
  4084 | D:5      | Mangled by a hill giant

Action                   |  1- 3 |  4- 6 |  7- 9 || total
-------------------------+-------+-------+-------++-------
Melee: War axe           |    99 |   249 |    72 ||   420
  Use: Scroll            |       |     6 |       ||     6
  Eat: Chunk             |     1 |     8 |     1 ||    10
